[ AOE2 MATCH · #494572005 ]
UnrankedBohemians vs Lithuanians
[ REPLAY ANALYSIS · EXTRACTED FROM THE RECORDED GAME ]
Feudal
7:40
Castle
12:34
Imperial
25:28
| APM avg | 38.7 |
| APM peak | 85 |
| eAPM avg | 20.8 |
| Villagers / military | 95 / 227 |
Focus
⚔️ 35.4% · 🌾 64.6%
Hussite Wagon ×69 · Scout Cavalry ×55 · Hand Cannoneer ×53 · Spearman ×35 · Trade Cart ×16 · Bombard Cannon ×10
Feudal
9:03
Castle
13:24
Imperial
26:56
| APM avg | 12.1 |
| APM peak | 71 |
| eAPM avg | 9.5 |
| Villagers / military | 124 / 60 |
Focus
⚔️ 25.2% · 🌾 74.8%
Hand Cannoneer ×33 · Bombard Cannon ×7 · Leitis ×6 · Spearman ×5 · Mangonel ×4 · Monk ×2
Feudal
9:07
Castle
19:33
Imperial
23:49
| APM avg | 20.4 |
| APM peak | 57 |
| eAPM avg | 13.8 |
| Villagers / military | 167 / 1108 |
Focus
⚔️ 53.4% · 🌾 46.6%
Spearman ×713 · Skirmisher ×377 · Trade Cart ×28 · Mangonel ×13 · Trebuchet (Packed) ×5
Feudal
7:03
Castle
21:19
Imperial
35:25
| APM avg | 13.8 |
| APM peak | 50 |
| eAPM avg | 9.9 |
| Villagers / military | 138 / 124 |
Focus
⚔️ 30.8% · 🌾 69.2%
Steppe Lancer ×115 · Scout Cavalry ×7 · Trebuchet (Packed) ×2
Feudal
7:18
Castle
13:34
Imperial
35:19
| APM avg | 26.6 |
| APM peak | 68 |
| eAPM avg | 12.7 |
| Villagers / military | 144 / 362 |
Focus
⚔️ 38.6% · 🌾 61.4%
Knight ×228 · Monk ×59 · Throwing Axeman ×35 · Trade Cart ×20 · Scout Cavalry ×10 · Petard ×9
Feudal
6:38
Castle
12:09
Imperial
31:43
| APM avg | 31.9 |
| APM peak | 105 |
| eAPM avg | 19.4 |
| Villagers / military | 120 / 560 |
Focus
⚔️ 63.1% · 🌾 36.9%
Archer ×291 · Spearman ×174 · War Elephant ×84 · Trebuchet (Packed) ×7 · Militia ×3 · Monk ×1
Feudal
9:49
Castle
15:25
Imperial
26:49
| APM avg | 22.8 |
| APM peak | 63 |
| eAPM avg | 19.2 |
| Villagers / military | 112 / 554 |
Focus
⚔️ 55.7% · 🌾 44.3%
Fire Lancer ×380 · Archer ×88 · Battle Elephant ×64 · Trade Cart ×23 · Bombard Cannon ×21 · Monk ×1
Feudal
8:51
Castle
13:36
Imperial
30:16
| APM avg | 29.9 |
| APM peak | 84 |
| eAPM avg | 19.2 |
| Villagers / military | 172 / 519 |
Focus
⚔️ 48.1% · 🌾 51.9%
Scout Cavalry ×431 · Unknown (1944) ×151 · Unknown (1949) ×140 · Skirmisher ×83 · Unknown (1952) ×23 · Archer ×5
Match map
Initial resources + every placement click. Lines = walls · curves = elevation contours. ◆ gold · ⬟ stone · ● berries · ✦ relic · ◌ wall gap
Your base· ✓ Closed at 12:34 · 11t walls · 7 gate(s)
neethgiE's base· ✓ Closed at 13:24 · 0t walls · 6 gate(s)
Fralex04's base· ✓ Closed at 19:33 · 54t walls · 8 gate(s)
PREDATOR_BG's base· ✓ Closed at 21:19 · 0t walls · 7 gate(s)
icglyn10's base· ✓ Closed at 13:34 · 62t walls · 9 gate(s)
Varta-FV's base· ✓ Closed at 12:09 · 0t walls · 9 gate(s)
FlowCycling's base· ✓ Closed at 15:25 · 28t walls · 7 gate(s)
碰我就投降's base· ✓ Closed at 13:36 · 0t walls · 5 gate(s)
Smoothed initial terrain · ◌ = detected wall gap · hover for details
Inputs per minute
— CDLP_Themachine - - neethgiE
Build order — CDLP_Themachine
First 150 of 398 actions detected
| 0:02 | Queue | Villager (Male) |
| 0:02 | Queue | Villager (Male) |
| 0:02 | Queue | Villager (Male) |
| 0:02 | Queue | Villager (Male) |
| 0:03 | Queue | Villager (Male) |
| 0:26 | Build | Lumber Camp |
| 0:42 | Build | Mill |
| 1:44 | Queue | Villager (Male) |
| 1:44 | Queue | Villager (Male) |
| 1:44 | Queue | Villager (Male) |
| 2:24 | Queue | Villager (Male) |
| 2:25 | Queue | Villager (Male) |
| 2:25 | Queue | Villager (Male) |
| 3:05 | Queue | Villager (Male) |
| 3:05 | Queue | Villager (Male) |
| 3:28 | Research | Loom |
| 3:28 | Queue | Villager (Male) |
| 3:58 | Queue | Villager (Male) |
| 5:04 | Queue | Villager (Male) |
| 5:30 | Research | Feudal Age |
| 5:40 | Build | Mining Camp |
| 7:06 | Queue | Villager (Male) |
| 7:06 | Queue | Villager (Male) |
| 7:40 | Age | Feudal Age |
| 8:00 | Build | Blacksmith |
| 8:05 | Build | Market |
| 8:24 | Build | House |
| 9:16 | Build | Stone Wall |
| 9:27 | Queue | Villager (Male) |
| 9:27 | Queue | Villager (Male) |
| 9:52 | Research | Castle Age |
| 9:57 | Research | Double-Bit Axe |
| 10:36 | Build | Mining Camp |
| 12:34 | Age | Castle Age |
| 12:38 | Queue | Hussite Wagon |
| 12:38 | Queue | Hussite Wagon |
| 12:41 | Queue | Villager (Male) |
| 12:41 | Queue | Villager (Male) |
| 12:41 | Queue | Villager (Male) |
| 12:42 | Queue | Villager (Male) |
| 12:42 | Queue | Villager (Male) |
| 12:42 | Queue | Villager (Male) |
| 12:42 | Queue | Villager (Male) |
| 12:43 | Queue | Villager (Male) |
| 13:15 | Queue | Hussite Wagon |
| 13:31 | Queue | Villager (Male) |
| 13:31 | Queue | Villager (Male) |
| 13:58 | Queue | Hussite Wagon |
| 14:22 | Queue | Villager (Male) |
| 14:22 | Queue | Villager (Male) |
| 14:47 | Queue | Hussite Wagon |
| 14:47 | Queue | Hussite Wagon |
| 14:50 | Queue | Villager (Male) |
| 14:50 | Queue | Villager (Male) |
| 15:23 | Build | Castle |
| 15:42 | Queue | Hussite Wagon |
| 15:47 | Queue | Villager (Male) |
| 15:47 | Queue | Villager (Male) |
| 16:35 | Build | Siege Workshop |
| 16:46 | Queue | Villager (Male) |
| 16:46 | Queue | Villager (Male) |
| 17:06 | Build | Mining Camp |
| 17:14 | Build | Farm |
| 17:16 | Queue | Villager (Male) |
| 17:17 | Queue | Villager (Male) |
| 18:46 | Build | Farm |
| 18:47 | Build | Farm |
| 19:08 | Build | Farm |
| 19:09 | Build | Farm |
| 19:09 | Build | Farm |
| 19:09 | Build | Farm |
| 19:10 | Queue | Villager (Male) |
| 19:11 | Queue | Villager (Male) |
| 19:11 | Queue | Villager (Male) |
| 19:35 | Queue | Villager (Male) |
| 19:35 | Queue | Villager (Male) |
| 19:50 | Build | Farm |
| 19:52 | Research | Wheelbarrow |
| 20:08 | Queue | Scorpion |
| 20:58 | Build | Farm |
| 21:35 | Build | Farm |
| 21:37 | Build | Farm |
| 22:08 | Queue | Scorpion |
| 22:18 | Research | Imperial Age |
| 22:34 | Queue | Hussite Wagon |
| 22:34 | Queue | Hussite Wagon |
| 22:34 | Queue | Hussite Wagon |
| 22:38 | Queue | Villager (Male) |
| 22:38 | Queue | Villager (Male) |
| 22:39 | Queue | Villager (Male) |
| 22:42 | Queue | Villager (Male) |
| 23:27 | Build | Lumber Camp |
| 23:35 | Queue | Hussite Wagon |
| 23:35 | Queue | Hussite Wagon |
| 23:36 | Queue | Hussite Wagon |
| 23:59 | Build | Lumber Camp |
| 24:16 | Queue | Hussite Wagon |
| 24:17 | Queue | Hussite Wagon |
| 24:47 | Build | Lumber Camp |
| 25:08 | Research | Bow Saw |
| 25:28 | Age | Imperial Age |
| 25:31 | Queue | Trebuchet (Packed) |
| 25:33 | Queue | Villager (Male) |
| 25:33 | Queue | Villager (Male) |
| 25:33 | Queue | Villager (Male) |
| 25:34 | Queue | Villager (Male) |
| 25:48 | Queue | Villager (Male) |
| 25:49 | Queue | Villager (Male) |
| 25:54 | Queue | Trebuchet (Packed) |
| 26:00 | Build | House |
| 26:01 | Build | House |
| 26:06 | Build | Farm |
| 26:51 | Research | Fletching |
| 27:07 | Build | Monastery |
| 27:27 | Queue | Hussite Wagon |
| 27:27 | Queue | Hussite Wagon |
| 27:31 | Queue | Hussite Wagon |
| 27:32 | Queue | Hussite Wagon |
| 27:32 | Queue | Hussite Wagon |
| 27:32 | Queue | Hussite Wagon |
| 27:33 | Queue | Villager (Male) |
| 27:33 | Queue | Villager (Male) |
| 27:34 | Queue | Villager (Male) |
| 28:23 | Build | University |
| 29:34 | Research | Chemistry |
| 30:15 | Queue | Hussite Wagon |
| 30:16 | Queue | Hussite Wagon |
| 30:18 | Queue | Hussite Wagon |
| 30:18 | Queue | Hussite Wagon |
| 31:27 | Research | Fortified Wall (upgrade) |
| 31:28 | Research | Murder Holes |
| 31:48 | Queue | Hussite Wagon |
| 31:48 | Queue | Hussite Wagon |
| 31:48 | Queue | Hussite Wagon |
| 31:48 | Queue | Hussite Wagon |
| 32:15 | Queue | Bombard Cannon |
| 32:15 | Queue | Bombard Cannon |
| 32:31 | Research | Horse Collar |
| 32:37 | Build | Town Center |
| 32:45 | Queue | Bombard Cannon |
| 33:01 | Research | Conscription |
| 33:02 | Queue | Villager (Male) |
| 33:02 | Queue | Villager (Male) |
| 33:03 | Queue | Villager (Male) |
| 33:09 | Queue | Hussite Wagon |
| 33:10 | Queue | Hussite Wagon |
| 33:11 | Queue | Villager (Male) |
| 33:11 | Queue | Villager (Male) |
| 33:11 | Queue | Villager (Male) |
| 33:12 | Queue | Villager (Male) |
Build order — neethgiE
First 150 of 296 actions detected
| 0:10 | Build | Lumber Camp |
| 0:12 | Queue | Villager (Male) |
| 0:13 | Queue | Villager (Male) |
| 0:13 | Queue | Villager (Male) |
| 0:13 | Queue | Villager (Male) |
| 0:14 | Queue | Villager (Male) |
| 0:14 | Queue | Villager (Male) |
| 0:14 | Queue | Villager (Male) |
| 1:34 | Queue | Villager (Male) |
| 1:43 | Queue | Villager (Male) |
| 2:23 | Build | Mill |
| 2:29 | Queue | Villager (Male) |
| 2:55 | Queue | Villager (Male) |
| 3:12 | Queue | Villager (Male) |
| 3:33 | Queue | Villager (Male) |
| 3:47 | Queue | Villager (Male) |
| 4:35 | Queue | Villager (Male) |
| 4:35 | Queue | Villager (Male) |
| 4:50 | Queue | Villager (Male) |
| 5:46 | Build | Mining Camp |
| 6:00 | Build | House |
| 6:18 | Research | Loom |
| 6:52 | Research | Feudal Age |
| 6:52 | Research | Feudal Age |
| 8:13 | Build | Farm |
| 8:13 | Build | Farm |
| 8:13 | Build | Farm |
| 8:14 | Build | Farm |
| 8:16 | Build | Farm |
| 8:19 | Build | Farm |
| 9:03 | Age | Feudal Age |
| 9:08 | Build | Blacksmith |
| 9:11 | Build | Market |
| 9:25 | Queue | Villager (Male) |
| 9:25 | Queue | Villager (Male) |
| 9:25 | Queue | Villager (Male) |
| 9:25 | Queue | Villager (Male) |
| 9:26 | Queue | Villager (Male) |
| 10:12 | Queue | Spearman |
| 10:13 | Queue | Spearman |
| 10:44 | Research | Castle Age |
| 10:44 | Research | Castle Age |
| 10:48 | Queue | Spearman |
| 10:48 | Queue | Spearman |
| 10:55 | Research | Double-Bit Axe |
| 11:03 | Queue | Spearman |
| 11:30 | Research | Horse Collar |
| 11:40 | Queue | Trade Cart |
| 13:24 | Age | Castle Age |
| 13:29 | Build | Town Center |
| 13:32 | Queue | Villager (Male) |
| 13:32 | Queue | Villager (Male) |
| 13:32 | Queue | Villager (Male) |
| 13:33 | Queue | Villager (Male) |
| 13:38 | Research | Wheelbarrow |
| 14:14 | Build | University |
| 14:38 | Queue | Villager (Male) |
| 14:38 | Queue | Villager (Male) |
| 14:38 | Queue | Villager (Male) |
| 14:38 | Queue | Villager (Male) |
| 14:39 | Queue | Villager (Male) |
| 14:57 | Research | Caravan |
| 15:05 | Queue | Villager (Male) |
| 15:05 | Queue | Villager (Male) |
| 15:10 | Research | Fortified Wall (upgrade) |
| 15:42 | Queue | Villager (Male) |
| 15:43 | Queue | Villager (Male) |
| 15:44 | Queue | Villager (Male) |
| 15:59 | Build | Siege Workshop |
| 16:41 | Build | Stone Wall |
| 16:44 | Queue | Mangonel |
| 16:44 | Queue | Mangonel |
| 16:46 | Queue | Villager (Male) |
| 16:47 | Queue | Villager (Male) |
| 16:47 | Queue | Villager (Male) |
| 16:49 | Queue | Villager (Male) |
| 16:49 | Queue | Villager (Male) |
| 16:49 | Queue | Villager (Male) |
| 17:17 | Queue | Mangonel |
| 17:28 | Queue | Villager (Male) |
| 17:29 | Queue | Villager (Male) |
| 18:09 | Build | Mining Camp |
| 18:40 | Queue | Villager (Male) |
| 18:40 | Queue | Villager (Male) |
| 18:40 | Queue | Villager (Male) |
| 18:40 | Queue | Villager (Male) |
| 18:42 | Queue | Villager (Male) |
| 18:42 | Queue | Villager (Male) |
| 18:45 | Queue | Villager (Male) |
| 18:46 | Queue | Villager (Male) |
| 19:08 | Queue | Villager (Male) |
| 19:08 | Queue | Villager (Male) |
| 19:25 | Queue | Trade Cart |
| 19:27 | Queue | Villager (Male) |
| 19:28 | Queue | Villager (Male) |
| 19:45 | Queue | Mangonel |
| 19:49 | Build | House |
| 20:09 | Build | Stone Wall |
| 20:18 | Build | House |
| 20:19 | Build | House |
| 20:20 | Build | House |
| 20:28 | Queue | Villager (Male) |
| 20:29 | Queue | Villager (Male) |
| 20:29 | Queue | Villager (Male) |
| 20:37 | Queue | Villager (Male) |
| 20:40 | Build | Town Center |
| 20:54 | Queue | Villager (Male) |
| 20:57 | Queue | Villager (Male) |
| 21:02 | Build | Farm |
| 21:04 | Build | Farm |
| 22:29 | Build | Farm |
| 22:29 | Build | Farm |
| 22:29 | Build | Farm |
| 22:29 | Build | Farm |
| 22:30 | Build | Farm |
| 22:31 | Build | Farm |
| 22:32 | Build | Farm |
| 22:59 | Queue | Villager (Male) |
| 23:03 | Queue | Villager (Male) |
| 23:29 | Queue | Villager (Male) |
| 23:30 | Queue | Villager (Male) |
| 23:44 | Research | Imperial Age |
| 23:47 | Queue | Villager (Male) |
| 23:47 | Queue | Villager (Male) |
| 24:02 | Queue | Villager (Male) |
| 24:19 | Research | Stone Mining |
| 24:28 | Queue | Villager (Male) |
| 24:28 | Queue | Villager (Male) |
| 24:31 | Build | Farm |
| 24:45 | Queue | Villager (Male) |
| 24:51 | Queue | Villager (Male) |
| 24:56 | Build | Farm |
| 24:57 | Build | Farm |
| 24:57 | Build | Farm |
| 24:57 | Build | Farm |
| 24:57 | Build | Farm |
| 25:02 | Queue | Villager (Male) |
| 25:04 | Queue | Villager (Male) |
| 25:04 | Queue | Villager (Male) |
| 25:08 | Queue | Villager (Male) |
| 25:08 | Queue | Villager (Male) |
| 25:47 | Build | Stone Wall |
| 26:12 | Build | Castle |
| 26:16 | Queue | Villager (Male) |
| 26:27 | Build | House |
| 26:28 | Build | House |
| 26:29 | Build | House |
| 26:42 | Queue | Villager (Male) |
| 26:42 | Queue | Villager (Male) |
| 26:44 | Queue | Villager (Male) |
Build order — Fralex04
First 150 of 520 actions detected
| 0:09 | Research | Loom |
| 0:10 | Queue | Villager (Male) ×4 |
| 0:10 | Queue | Villager (Male) ×4 |
| 0:27 | Build | Lumber Camp |
| 1:35 | Queue | Villager (Male) |
| 1:35 | Queue | Villager (Male) |
| 1:35 | Queue | Villager (Male) |
| 1:56 | Queue | Villager (Male) |
| 1:56 | Queue | Villager (Male) |
| 1:56 | Queue | Villager (Male) |
| 2:28 | Queue | Villager (Male) ×2 |
| 2:29 | Queue | Villager (Male) ×2 |
| 3:01 | Queue | Villager (Male) |
| 3:01 | Queue | Villager (Male) |
| 3:56 | Queue | Villager (Male) |
| 3:56 | Queue | Villager (Male) |
| 4:13 | Queue | Villager (Male) |
| 4:13 | Queue | Villager (Male) |
| 4:13 | Queue | Villager (Male) |
| 4:13 | Queue | Villager (Male) |
| 4:13 | Queue | Villager (Male) |
| 4:13 | Queue | Villager (Male) |
| 4:13 | Queue | Villager (Male) |
| 4:35 | Build | Farm |
| 4:35 | Build | Farm |
| 4:35 | Build | Farm |
| 4:35 | Build | Farm |
| 4:36 | Build | Farm |
| 4:36 | Build | Farm |
| 4:36 | Build | Farm |
| 4:36 | Build | Farm |
| 4:36 | Build | Farm |
| 4:37 | Build | Farm |
| 4:37 | Build | Farm |
| 5:19 | Queue | Villager (Male) ×2 |
| 5:19 | Queue | Villager (Male) ×2 |
| 5:38 | Build | Mill |
| 6:00 | Build | Farm |
| 6:44 | Queue | Villager (Male) |
| 6:57 | Research | Feudal Age |
| 6:57 | Research | Feudal Age |
| 9:07 | Age | Feudal Age |
| 9:08 | Research | Wheelbarrow |
| 9:10 | Queue | Villager (Male) ×5 |
| 9:10 | Queue | Villager (Male) ×5 |
| 9:10 | Queue | Villager (Male) ×5 |
| 9:32 | Build | Stone Wall |
| 9:49 | Build | Stone Wall |
| 9:53 | Research | Double-Bit Axe |
| 10:13 | Build | Market |
| 10:17 | Build | Blacksmith |
| 10:26 | Build | Lumber Camp |
| 10:30 | Research | Horse Collar |
| 10:54 | Build | Mining Camp |
| 11:08 | Build | Stone Wall |
| 11:27 | Research | Padded Archer Armor |
| 11:28 | Research | Fletching |
| 11:28 | Research | Scale Barding Armor |
| 11:29 | Research | Forging |
| 11:29 | Research | Scale Mail Armor |
| 11:44 | Build | House |
| 11:45 | Build | House |
| 11:46 | Build | House |
| 12:45 | Build | Gate |
| 12:55 | Research | Gold Mining |
| 12:56 | Research | Stone Mining |
| 13:54 | Build | Farm |
| 14:11 | Queue | Villager (Male) ×5 |
| 14:12 | Queue | Villager (Male) ×5 |
| 14:12 | Queue | Villager (Male) ×4 |
| 15:08 | Build | Lumber Camp |
| 15:26 | Build | Stone Wall |
| 15:44 | Build | Farm |
| 16:52 | Research | Castle Age |
| 17:04 | Build | Stone Wall |
| 17:31 | Build | Lumber Camp |
| 19:04 | Build | Market |
| 19:33 | Age | Castle Age |
| 19:38 | Build | Town Center |
| 19:44 | Research | Hand Cart |
| 20:09 | Research | Imperial Age |
| 20:18 | Queue | Villager (Male) ×3 |
| 20:18 | Queue | Villager (Male) ×3 |
| 20:25 | Research | Bow Saw |
| 20:34 | Research | Heavy Plow |
| 21:21 | Build | Barracks |
| 21:41 | Build | Mining Camp |
| 21:52 | Build | Barracks |
| 21:56 | Research | Pikeman (upgrade) |
| 21:57 | Research | Arson |
| 22:23 | Build | Market |
| 22:38 | Build | Barracks |
| 22:45 | Queue | Villager (Male) ×5 |
| 22:45 | Queue | Villager (Male) ×5 |
| 22:45 | Queue | Villager (Male) ×5 |
| 22:45 | Queue | Villager (Male) ×5 |
| 22:46 | Queue | Villager (Male) ×2 |
| 22:54 | Queue | Villager (Male) |
| 22:55 | Queue | Villager (Male) |
| 23:04 | Build | Barracks |
| 23:17 | Build | Lumber Camp |
| 23:41 | Queue | Spearman ×5 |
| 23:41 | Queue | Spearman ×5 |
| 23:42 | Queue | Spearman |
| 23:42 | Queue | Spearman |
| 23:49 | Age | Imperial Age |
| 24:07 | Build | Farm |
| 24:15 | Build | Farm |
| 24:17 | Queue | Villager (Male) ×5 |
| 24:17 | Queue | Villager (Male) ×5 |
| 24:17 | Queue | Villager (Male) ×5 |
| 24:18 | Queue | Villager (Male) |
| 24:36 | Queue | Spearman ×3 |
| 24:36 | Queue | Spearman ×3 |
| 24:36 | Queue | Spearman ×3 |
| 25:45 | Research | Chain Mail Armor |
| 26:27 | Queue | Spearman ×5 |
| 27:20 | Build | House |
| 27:20 | Build | House |
| 27:20 | Build | House |
| 27:20 | Build | House |
| 27:20 | Build | House |
| 27:21 | Build | House |
| 27:21 | Build | House |
| 27:21 | Build | House |
| 27:23 | Build | House |
| 27:23 | Build | House |
| 27:24 | Build | House |
| 27:24 | Build | House |
| 27:34 | Build | Castle |
| 27:43 | Queue | Villager (Male) ×5 |
| 27:43 | Queue | Villager (Male) ×5 |
| 27:43 | Queue | Villager (Male) ×5 |
| 27:43 | Queue | Villager (Male) ×5 |
| 27:43 | Queue | Villager (Male) ×3 |
| 27:57 | Build | University |
| 28:08 | Research | Gold Shaft Mining |
| 28:08 | Research | Gold Shaft Mining |
| 28:33 | Build | Archery Range |
| 28:35 | Build | Archery Range |
| 28:36 | Build | Archery Range |
| 28:38 | Build | Archery Range |
| 28:48 | Research | Conscription |
| 29:16 | Build | Farm |
| 29:16 | Build | Farm |
| 29:16 | Build | Farm |
| 29:16 | Build | Farm |
| 29:17 | Build | Farm |
| 29:17 | Build | Farm |
| 29:17 | Build | Farm |
Build order — PREDATOR_BG
First 150 of 425 actions detected
| 0:05 | Queue | Villager (Male) ×4 |
| 0:05 | Queue | Villager (Male) ×4 |
| 0:20 | Build | Mill |
| 1:18 | Queue | Villager (Male) |
| 1:26 | Build | Lumber Camp |
| 1:35 | Queue | Villager (Male) |
| 1:36 | Queue | Villager (Male) |
| 2:22 | Queue | Villager (Male) ×3 |
| 2:23 | Queue | Villager (Male) ×3 |
| 2:56 | Queue | Villager (Male) |
| 2:56 | Queue | Villager (Male) |
| 2:56 | Queue | Villager (Male) |
| 3:11 | Build | Farm |
| 4:01 | Build | Farm |
| 4:53 | Research | Feudal Age |
| 6:19 | Queue | Villager (Male) |
| 6:20 | Queue | Villager (Male) |
| 7:03 | Age | Feudal Age |
| 7:21 | Build | Town Center |
| 7:27 | Queue | Villager (Male) |
| 7:34 | Research | Double-Bit Axe |
| 7:47 | Research | Horse Collar |
| 7:54 | Queue | Villager (Male) |
| 7:55 | Queue | Villager (Male) |
| 8:06 | Queue | Villager (Male) |
| 8:06 | Queue | Villager (Male) |
| 9:16 | Queue | Villager (Male) |
| 9:27 | Build | Farm |
| 9:38 | Queue | Villager (Male) |
| 9:38 | Queue | Villager (Male) |
| 9:39 | Queue | Villager (Male) |
| 9:53 | Queue | Villager (Male) |
| 9:57 | Queue | Villager (Male) |
| 9:57 | Queue | Villager (Male) |
| 10:03 | Build | Farm |
| 10:22 | Queue | Villager (Male) |
| 10:22 | Queue | Villager (Male) |
| 10:45 | Queue | Villager (Male) |
| 10:46 | Queue | Villager (Male) |
| 11:03 | Queue | Villager (Male) |
| 11:03 | Queue | Villager (Male) |
| 11:39 | Build | Mill |
| 11:44 | Build | Farm |
| 11:45 | Build | Farm |
| 11:46 | Build | Farm |
| 11:47 | Build | Farm |
| 11:52 | Queue | Villager (Male) |
| 11:53 | Queue | Villager (Male) |
| 11:53 | Queue | Villager (Male) |
| 11:53 | Queue | Villager (Male) |
| 11:54 | Queue | Villager (Male) |
| 11:54 | Queue | Villager (Male) |
| 11:54 | Queue | Villager (Male) |
| 11:55 | Queue | Villager (Male) |
| 12:19 | Build | Mining Camp |
| 12:30 | Research | Loom |
| 12:50 | Build | Farm |
| 12:50 | Build | Farm |
| 12:51 | Build | Farm |
| 12:58 | Build | Farm |
| 12:59 | Build | Farm |
| 13:01 | Build | Farm |
| 13:04 | Build | Farm |
| 13:05 | Build | Farm |
| 13:06 | Build | Farm |
| 13:13 | Queue | Villager (Male) |
| 13:13 | Queue | Villager (Male) |
| 13:13 | Queue | Villager (Male) |
| 14:06 | Research | Loom |
| 14:18 | Queue | Villager (Male) |
| 14:19 | Queue | Villager (Male) |
| 14:19 | Queue | Villager (Male) |
| 14:30 | Research | Gold Mining |
| 14:40 | Build | House |
| 14:45 | Build | House |
| 15:10 | Build | Farm |
| 15:58 | Build | Mining Camp |
| 16:04 | Queue | Villager (Male) |
| 16:05 | Queue | Villager (Male) |
| 16:32 | Build | Archery Range |
| 16:48 | Queue | Villager (Male) |
| 16:48 | Queue | Villager (Male) |
| 16:48 | Queue | Villager (Male) |
| 16:55 | Build | House |
| 16:58 | Build | House |
| 16:59 | Build | House |
| 17:00 | Build | House |
| 17:23 | Build | Stable |
| 18:00 | Build | Blacksmith |
| 18:09 | Build | Lumber Camp |
| 18:20 | Queue | Villager (Male) |
| 18:20 | Queue | Villager (Male) |
| 18:20 | Queue | Villager (Male) |
| 18:21 | Queue | Villager (Male) |
| 18:35 | Research | Castle Age |
| 18:42 | Queue | Villager (Male) |
| 18:43 | Queue | Villager (Male) |
| 18:43 | Queue | Villager (Male) |
| 18:50 | Build | Lumber Camp |
| 18:57 | Build | House |
| 18:57 | Build | House |
| 18:57 | Build | House |
| 18:58 | Build | House |
| 18:59 | Build | House |
| 19:00 | Build | House |
| 19:00 | Build | House |
| 19:00 | Build | House |
| 19:08 | Research | Scale Barding Armor |
| 19:09 | Research | Forging |
| 19:29 | Build | Stable |
| 19:30 | Build | Stable |
| 19:31 | Build | Stable |
| 19:39 | Queue | Villager (Male) |
| 19:39 | Queue | Villager (Male) |
| 19:50 | Build | Mill |
| 19:55 | Build | Farm |
| 19:56 | Build | Farm |
| 19:56 | Build | Farm |
| 19:57 | Build | Farm |
| 19:57 | Build | Farm |
| 19:59 | Build | Farm |
| 20:07 | Queue | Villager (Male) |
| 20:07 | Queue | Villager (Male) |
| 20:12 | Research | Wheelbarrow |
| 20:34 | Queue | Scout Cavalry |
| 20:34 | Queue | Scout Cavalry |
| 20:34 | Queue | Scout Cavalry |
| 20:34 | Queue | Scout Cavalry |
| 20:46 | Build | Stable |
| 20:51 | Research | Bloodlines |
| 21:02 | Queue | Scout Cavalry |
| 21:03 | Queue | Scout Cavalry |
| 21:03 | Queue | Scout Cavalry |
| 21:15 | Queue | Villager (Male) |
| 21:15 | Queue | Villager (Male) |
| 21:16 | Queue | Villager (Male) |
| 21:16 | Queue | Villager (Male) |
| 21:19 | Age | Castle Age |
| 21:33 | Queue | Steppe Lancer |
| 21:33 | Queue | Steppe Lancer |
| 21:34 | Queue | Steppe Lancer |
| 21:34 | Queue | Steppe Lancer |
| 21:47 | Queue | Villager (Male) |
| 21:47 | Queue | Villager (Male) |
| 21:48 | Queue | Villager (Male) |
| 22:01 | Build | Town Center |
| 22:14 | Queue | Steppe Lancer |
| 22:14 | Queue | Steppe Lancer |
| 22:14 | Queue | Steppe Lancer |
| 22:14 | Queue | Steppe Lancer |
Build order — icglyn10
First 150 of 423 actions detected
| 0:06 | Research | Loom |
| 0:06 | Queue | Villager (Male) |
| 0:07 | Queue | Villager (Male) |
| 0:07 | Queue | Villager (Male) |
| 0:08 | Queue | Villager (Male) |
| 0:08 | Queue | Villager (Male) |
| 0:21 | Build | Mill |
| 0:30 | Build | Lumber Camp |
| 1:13 | Queue | Villager (Male) |
| 1:14 | Queue | Villager (Male) |
| 1:35 | Queue | Villager (Male) |
| 1:36 | Queue | Villager (Male) |
| 2:29 | Queue | Villager (Male) |
| 2:29 | Queue | Villager (Male) |
| 3:22 | Queue | Villager (Male) |
| 3:22 | Queue | Villager (Male) |
| 3:22 | Queue | Villager (Male) |
| 3:55 | Queue | Villager (Male) |
| 3:56 | Queue | Villager (Male) |
| 3:56 | Queue | Villager (Male) |
| 5:08 | Research | Feudal Age |
| 5:37 | Build | Mining Camp |
| 6:09 | Build | Outpost |
| 6:28 | Build | Mining Camp |
| 7:18 | Age | Feudal Age |
| 7:27 | Build | Stone Wall |
| 7:30 | Build | Stone Wall |
| 7:36 | Research | Double-Bit Axe |
| 7:47 | Build | Stable |
| 7:57 | Build | Blacksmith |
| 8:28 | Queue | Villager (Male) |
| 8:33 | Build | Farm |
| 8:35 | Build | Farm |
| 8:52 | Build | Farm |
| 8:53 | Build | Farm |
| 8:53 | Build | Farm |
| 9:00 | Queue | Villager (Male) |
| 9:27 | Build | Stone Wall |
| 9:45 | Queue | Villager (Male) |
| 10:30 | Build | Gate |
| 10:41 | Build | Stone Wall |
| 10:54 | Research | Castle Age |
| 11:03 | Build | Gate |
| 11:10 | Queue | Scout Cavalry |
| 11:10 | Queue | Scout Cavalry |
| 11:44 | Build | Gate |
| 11:52 | Queue | Scout Cavalry ×2 |
| 11:52 | Queue | Scout Cavalry ×2 |
| 12:17 | Build | Stable |
| 13:31 | Build | Stone Wall |
| 13:34 | Age | Castle Age |
| 13:36 | Queue | Knight |
| 13:37 | Queue | Knight |
| 13:37 | Queue | Knight |
| 13:58 | Build | Stone Wall |
| 14:12 | Queue | Scout Cavalry ×4 |
| 14:17 | Queue | Villager (Male) |
| 14:18 | Queue | Villager (Male) |
| 14:48 | Research | Scale Barding Armor |
| 15:12 | Queue | Villager (Male) |
| 15:31 | Build | Gate |
| 15:45 | Queue | Villager (Male) |
| 15:45 | Queue | Villager (Male) |
| 16:12 | Queue | Knight |
| 16:12 | Queue | Knight |
| 16:34 | Build | Town Center |
| 16:47 | Queue | Villager (Male) ×3 |
| 16:47 | Queue | Villager (Male) ×3 |
| 17:11 | Build | House |
| 17:12 | Build | House |
| 17:14 | Build | House |
| 17:20 | Queue | Villager (Male) ×2 |
| 17:20 | Queue | Villager (Male) ×2 |
| 18:18 | Build | Siege Workshop |
| 18:30 | Queue | Villager (Male) ×4 |
| 18:30 | Queue | Villager (Male) ×4 |
| 18:49 | Build | Farm |
| 18:52 | Build | Farm |
| 19:02 | Queue | Knight |
| 19:22 | Queue | Villager (Male) |
| 19:22 | Queue | Villager (Male) |
| 19:22 | Queue | Villager (Male) |
| 19:41 | Queue | Battering Ram |
| 20:01 | Build | Castle |
| 20:13 | Queue | Villager (Male) ×3 |
| 20:13 | Queue | Villager (Male) ×3 |
| 20:27 | Queue | Knight |
| 20:28 | Queue | Knight |
| 20:56 | Queue | Villager (Male) |
| 20:56 | Queue | Villager (Male) |
| 20:56 | Queue | Villager (Male) |
| 21:02 | Build | Farm |
| 21:04 | Build | Farm |
| 21:41 | Build | Market |
| 21:55 | Queue | Battering Ram |
| 21:56 | Queue | Battering Ram |
| 22:05 | Queue | Villager (Male) |
| 22:05 | Queue | Villager (Male) |
| 22:05 | Queue | Villager (Male) |
| 22:05 | Queue | Villager (Male) |
| 22:06 | Queue | Villager (Male) |
| 22:30 | Build | Mining Camp |
| 22:39 | Queue | Petard |
| 22:39 | Queue | Petard |
| 22:40 | Queue | Petard |
| 22:59 | Queue | Knight |
| 23:24 | Queue | Petard |
| 23:34 | Build | Lumber Camp |
| 23:37 | Queue | Trade Cart |
| 23:37 | Queue | Trade Cart |
| 23:37 | Queue | Trade Cart |
| 24:00 | Build | Farm |
| 24:00 | Build | Farm |
| 25:05 | Queue | Mangonel ×2 |
| 25:29 | Research | Bearded Axe |
| 25:30 | Queue | Throwing Axeman ×4 |
| 25:45 | Queue | Mangonel |
| 25:45 | Queue | Mangonel |
| 26:47 | Queue | Battering Ram |
| 26:47 | Queue | Battering Ram |
| 27:01 | Build | Farm |
| 27:01 | Build | Farm |
| 27:02 | Build | Farm |
| 27:02 | Build | Farm |
| 27:02 | Build | Farm |
| 27:03 | Build | Farm |
| 27:04 | Build | Farm |
| 27:05 | Build | Farm |
| 27:37 | Build | Farm |
| 27:56 | Research | Bow Saw |
| 28:00 | Queue | Villager (Male) ×5 |
| 28:00 | Queue | Villager (Male) ×5 |
| 28:00 | Queue | Villager (Male) ×4 |
| 28:13 | Build | Farm |
| 28:31 | Queue | Knight ×2 |
| 28:41 | Queue | Mangonel |
| 28:41 | Queue | Mangonel |
| 28:45 | Queue | Villager (Male) |
| 28:46 | Queue | Villager (Male) |
| 28:58 | Queue | Knight |
| 28:58 | Queue | Knight |
| 29:11 | Queue | Knight ×2 |
| 29:11 | Queue | Knight ×2 |
| 29:31 | Build | Castle |
| 29:43 | Queue | Knight ×2 |
| 29:43 | Queue | Knight ×2 |
| 29:43 | Queue | Knight |
| 30:49 | Build | Monastery |
| 30:50 | Build | Monastery |
| 31:13 | Build | Farm |
Build order — Varta-FV
First 150 of 851 actions detected
| 0:05 | Queue | Villager (Male) |
| 0:05 | Queue | Villager (Male) |
| 0:13 | Build | Mill |
| 0:19 | Queue | Villager (Male) |
| 0:55 | Queue | Villager (Male) |
| 1:16 | Build | Farm |
| 1:21 | Queue | Villager (Male) |
| 1:22 | Queue | Villager (Male) |
| 2:15 | Queue | Villager (Male) |
| 2:23 | Queue | Villager (Male) |
| 2:44 | Build | Lumber Camp |
| 2:51 | Queue | Villager (Male) |
| 2:51 | Queue | Villager (Male) |
| 4:04 | Queue | Villager (Male) |
| 4:34 | Research | Feudal Age |
| 4:34 | Research | Feudal Age |
| 4:59 | Build | Mill |
| 5:04 | Queue | Villager (Male) |
| 5:48 | Queue | Villager (Male) |
| 6:38 | Age | Feudal Age |
| 6:45 | Research | Double-Bit Axe |
| 6:46 | Research | Horse Collar |
| 7:03 | Queue | Villager (Male) |
| 7:08 | Build | Mining Camp |
| 7:30 | Queue | Villager (Male) |
| 7:52 | Build | Blacksmith |
| 8:17 | Queue | Villager (Male) |
| 8:41 | Build | Market |
| 8:47 | Queue | Villager (Male) |
| 9:09 | Queue | Villager (Male) |
| 9:25 | Build | Farm |
| 9:26 | Build | Farm |
| 9:44 | Research | Castle Age |
| 9:44 | Research | Castle Age |
| 9:47 | Build | Farm |
| 10:49 | Queue | Villager (Male) |
| 10:50 | Queue | Villager (Male) |
| 11:20 | Build | Farm |
| 12:09 | Age | Castle Age |
| 12:25 | Build | Town Center |
| 12:46 | Build | Farm |
| 12:52 | Research | Squires |
| 12:53 | Research | Pikeman (upgrade) |
| 13:10 | Build | Farm |
| 13:27 | Queue | Villager (Male) |
| 13:27 | Queue | Villager (Male) |
| 13:37 | Queue | Villager (Male) |
| 13:38 | Queue | Villager (Male) |
| 13:53 | Build | Farm |
| 13:55 | Research | Heavy Plow |
| 14:03 | Research | Bow Saw |
| 14:03 | Research | Bow Saw |
| 14:21 | Queue | Villager (Male) |
| 14:28 | Build | Farm |
| 14:35 | Queue | Spearman |
| 14:45 | Queue | Villager (Male) |
| 14:55 | Build | Farm |
| 14:59 | Build | Farm |
| 15:03 | Queue | Villager (Male) |
| 15:07 | Build | Farm |
| 15:13 | Build | Farm |
| 15:18 | Queue | Villager (Male) |
| 15:18 | Queue | Villager (Male) |
| 15:28 | Queue | Spearman |
| 15:35 | Build | Farm |
| 15:36 | Queue | Villager (Male) |
| 15:43 | Build | Farm |
| 15:52 | Build | Farm |
| 15:57 | Queue | Villager (Male) |
| 16:02 | Queue | Villager (Male) |
| 16:08 | Build | Farm |
| 16:25 | Queue | Villager (Male) |
| 16:27 | Build | Farm |
| 16:30 | Queue | Villager (Male) |
| 16:38 | Queue | Spearman |
| 16:47 | Build | Farm |
| 16:52 | Queue | Villager (Male) |
| 16:54 | Build | Farm |
| 16:59 | Queue | Villager (Male) |
| 17:04 | Queue | Spearman |
| 17:04 | Queue | Spearman |
| 17:08 | Build | Farm |
| 17:14 | Queue | Villager (Male) |
| 17:19 | Build | Farm |
| 17:31 | Build | House |
| 17:33 | Build | House |
| 17:34 | Build | House |
| 17:36 | Build | House |
| 17:37 | Build | House |
| 17:39 | Build | House |
| 17:40 | Build | House |
| 17:42 | Queue | Villager (Male) |
| 17:42 | Queue | Villager (Male) |
| 17:50 | Research | Wheelbarrow |
| 17:54 | Queue | Villager (Male) |
| 17:59 | Build | Farm |
| 18:03 | Research | Scale Mail Armor |
| 18:25 | Queue | Villager (Male) |
| 18:30 | Queue | Villager (Male) |
| 18:35 | Queue | Villager (Male) |
| 18:39 | Queue | Villager (Male) |
| 18:44 | Build | Farm |
| 19:03 | Queue | Villager (Male) |
| 19:07 | Build | Archery Range |
| 19:18 | Queue | Villager (Male) |
| 19:41 | Queue | Spearman |
| 19:48 | Build | Archery Range |
| 19:53 | Research | Kamandaran |
| 19:55 | Queue | Villager (Male) |
| 19:55 | Queue | Villager (Male) |
| 19:58 | Queue | Villager (Male) |
| 19:58 | Queue | Villager (Male) |
| 20:13 | Build | Monastery |
| 20:20 | Queue | Spearman |
| 20:20 | Queue | Spearman |
| 20:24 | Research | Thumb Ring |
| 20:32 | Build | Archery Range |
| 20:33 | Build | Archery Range |
| 20:45 | Research | Crossbowman (upgrade) |
| 20:47 | Queue | Villager (Male) |
| 20:48 | Queue | Villager (Male) |
| 20:57 | Queue | Villager (Male) |
| 20:57 | Queue | Villager (Male) |
| 20:57 | Queue | Villager (Male) |
| 21:09 | Research | Gold Mining |
| 21:18 | Queue | Archer |
| 21:18 | Queue | Archer |
| 21:26 | Build | Farm |
| 21:31 | Queue | Monk |
| 21:37 | Build | House |
| 21:39 | Build | House |
| 21:40 | Build | House |
| 21:41 | Build | House |
| 21:42 | Build | House |
| 21:43 | Build | House |
| 21:45 | Build | House |
| 21:49 | Build | House |
| 21:50 | Build | House |
| 21:52 | Build | House |
| 21:53 | Build | House |
| 21:56 | Build | Farm |
| 21:57 | Queue | Villager (Male) |
| 21:57 | Queue | Villager (Male) |
| 22:00 | Queue | Villager (Male) |
| 22:01 | Queue | Villager (Male) |
| 22:02 | Queue | Villager (Male) |
| 22:12 | Queue | Archer |
| 22:12 | Queue | Archer |
| 22:12 | Queue | Archer |
| 22:13 | Queue | Archer |
Build order — FlowCycling
First 150 of 897 actions detected
| 0:01 | Queue | Villager (Male) |
| 0:01 | Queue | Villager (Male) |
| 0:02 | Queue | Villager (Male) |
| 0:02 | Queue | Villager (Male) |
| 0:04 | Research | Loom |
| 0:07 | Build | Mill |
| 0:23 | Build | Lumber Camp |
| 1:24 | Queue | Villager (Male) |
| 1:46 | Queue | Villager (Male) |
| 1:46 | Queue | Villager (Male) |
| 2:24 | Queue | Villager (Male) |
| 2:41 | Queue | Villager (Male) |
| 3:30 | Queue | Villager (Male) |
| 4:03 | Queue | Villager (Male) |
| 4:56 | Queue | Villager (Male) |
| 4:56 | Queue | Villager (Male) |
| 5:44 | Build | Farm |
| 5:44 | Build | Farm |
| 5:48 | Queue | Villager (Male) |
| 6:11 | Build | Farm |
| 6:16 | Queue | Villager (Male) |
| 6:16 | Queue | Villager (Male) |
| 6:21 | Build | Mining Camp |
| 7:01 | Queue | Villager (Male) |
| 7:31 | Build | Lumber Camp |
| 7:40 | Research | Feudal Age |
| 7:56 | Build | Farm |
| 7:57 | Build | Farm |
| 7:57 | Build | Farm |
| 7:59 | Build | Farm |
| 8:05 | Build | Farm |
| 8:06 | Build | Farm |
| 8:12 | Queue | Villager (Male) |
| 8:12 | Queue | Villager (Male) |
| 9:15 | Build | Mining Camp |
| 9:49 | Age | Feudal Age |
| 9:52 | Build | Blacksmith |
| 9:54 | Build | House |
| 9:55 | Build | House |
| 10:00 | Queue | Villager (Male) |
| 10:02 | Research | Double-Bit Axe |
| 10:05 | Research | Horse Collar |
| 10:15 | Build | Market |
| 10:22 | Queue | Villager (Male) |
| 10:38 | Build | Stone Wall |
| 10:48 | Queue | Villager (Male) |
| 11:12 | Build | Farm |
| 11:14 | Queue | Villager (Male) |
| 11:33 | Build | Stone Wall |
| 11:43 | Build | Gate |
| 12:06 | Queue | Villager (Male) |
| 12:06 | Queue | Villager (Male) |
| 12:44 | Research | Castle Age |
| 12:57 | Research | Gold Mining |
| 13:04 | Build | Farm |
| 13:45 | Research | Forging |
| 13:46 | Research | Fletching |
| 13:57 | Queue | Villager (Male) |
| 13:58 | Queue | Villager (Male) |
| 14:41 | Research | Wheelbarrow |
| 15:06 | Research | Stone Mining |
| 15:25 | Age | Castle Age |
| 15:25 | Queue | Trade Cart |
| 15:41 | Build | Town Center |
| 16:22 | Queue | Villager (Male) |
| 16:22 | Queue | Villager (Male) |
| 16:40 | Build | Town Center |
| 16:47 | Research | Squires |
| 16:52 | Research | Scale Mail Armor |
| 16:54 | Research | Padded Archer Armor |
| 17:05 | Queue | Villager (Male) |
| 17:06 | Queue | Villager (Male) |
| 17:18 | Build | House |
| 17:19 | Build | House |
| 17:21 | Build | House |
| 17:23 | Build | House |
| 17:25 | Build | House |
| 17:26 | Build | House |
| 17:29 | Build | House |
| 17:30 | Build | House |
| 17:37 | Queue | Villager (Male) |
| 17:37 | Queue | Villager (Male) |
| 17:38 | Queue | Villager (Male) |
| 18:14 | Queue | Villager (Male) |
| 18:14 | Queue | Villager (Male) |
| 18:29 | Queue | Villager (Male) |
| 18:51 | Build | Monastery |
| 18:54 | Build | University |
| 18:57 | Queue | Villager (Male) |
| 18:59 | Queue | Villager (Male) |
| 19:02 | Queue | Villager (Male) |
| 19:02 | Queue | Villager (Male) |
| 19:03 | Queue | Villager (Male) |
| 19:08 | Queue | Villager (Male) |
| 19:13 | Research | Heavy Plow |
| 19:40 | Queue | Monk |
| 19:56 | Queue | Villager (Male) |
| 19:56 | Queue | Villager (Male) |
| 19:59 | Queue | Villager (Male) |
| 19:59 | Queue | Villager (Male) |
| 20:02 | Queue | Villager (Male) |
| 20:02 | Queue | Villager (Male) |
| 20:10 | Build | House |
| 20:11 | Build | House |
| 20:12 | Build | House |
| 20:29 | Build | Farm |
| 20:29 | Build | Farm |
| 21:11 | Queue | Villager (Male) |
| 21:12 | Queue | Villager (Male) |
| 21:13 | Queue | Villager (Male) |
| 21:13 | Queue | Villager (Male) |
| 21:15 | Queue | Villager (Male) |
| 21:15 | Queue | Villager (Male) |
| 21:20 | Build | Farm |
| 21:30 | Queue | Villager (Male) |
| 21:45 | Queue | Trade Cart |
| 21:45 | Queue | Trade Cart |
| 21:46 | Queue | Trade Cart |
| 21:46 | Queue | Trade Cart |
| 21:47 | Queue | Trade Cart |
| 22:02 | Research | Bow Saw |
| 22:07 | Build | House |
| 22:08 | Build | House |
| 22:09 | Build | House |
| 22:11 | Build | House |
| 22:13 | Build | House |
| 22:15 | Build | House |
| 22:17 | Queue | Villager (Male) |
| 22:17 | Queue | Villager (Male) |
| 22:25 | Build | Farm |
| 22:25 | Build | Farm |
| 22:26 | Build | Farm |
| 22:26 | Build | Farm |
| 22:49 | Queue | Villager (Male) |
| 22:50 | Queue | Villager (Male) |
| 23:23 | Build | Castle |
| 23:28 | Build | Archery Range |
| 23:29 | Build | Archery Range |
| 23:30 | Build | Archery Range |
| 23:36 | Queue | Villager (Male) |
| 23:36 | Queue | Villager (Male) |
| 23:39 | Research | Imperial Age |
| 23:46 | Queue | Villager (Male) |
| 23:46 | Queue | Villager (Male) |
| 23:52 | Research | Treadmill Crane |
| 24:07 | Queue | Villager (Male) |
| 24:07 | Queue | Villager (Male) |
| 24:15 | Queue | Villager (Male) |
| 24:15 | Queue | Villager (Male) |
| 24:15 | Queue | Villager (Male) |
Build order — 碰我就投降
First 150 of 609 actions detected
| 0:01 | Queue | Villager (Male) |
| 0:01 | Queue | Villager (Male) |
| 0:15 | Build | Lumber Camp |
| 0:24 | Queue | Villager (Male) |
| 0:24 | Queue | Villager (Male) |
| 0:25 | Queue | Villager (Male) |
| 0:38 | Build | Mill |
| 1:00 | Queue | Villager (Male) |
| 1:00 | Queue | Villager (Male) |
| 1:00 | Queue | Villager (Male) |
| 1:51 | Queue | Villager (Male) |
| 1:51 | Queue | Villager (Male) |
| 2:06 | Queue | Villager (Male) |
| 2:06 | Queue | Villager (Male) |
| 2:28 | Build | Mining Camp |
| 2:37 | Queue | Villager (Male) |
| 2:37 | Queue | Villager (Male) |
| 2:38 | Queue | Villager (Male) |
| 2:53 | Build | Mining Camp |
| 3:00 | Queue | Villager (Male) |
| 3:00 | Queue | Villager (Male) |
| 3:01 | Queue | Villager (Male) |
| 3:17 | Queue | Villager (Male) |
| 4:01 | Build | Farm |
| 4:46 | Build | Farm |
| 4:49 | Queue | Villager (Male) |
| 5:19 | Queue | Villager (Male) |
| 5:36 | Build | Farm |
| 5:48 | Build | Farm |
| 5:49 | Queue | Villager (Male) |
| 5:56 | Queue | Villager (Male) |
| 5:56 | Queue | Villager (Male) |
| 6:05 | Build | Farm |
| 6:36 | Research | Feudal Age |
| 6:36 | Research | Feudal Age |
| 6:37 | Research | Feudal Age |
| 7:49 | Queue | Villager (Male) |
| 7:49 | Queue | Villager (Male) |
| 8:05 | Build | Farm |
| 8:07 | Build | Farm |
| 8:12 | Build | Farm |
| 8:51 | Age | Feudal Age |
| 9:06 | Build | Market |
| 9:24 | Queue | Villager (Male) |
| 9:51 | Queue | Villager (Male) |
| 10:12 | Build | Blacksmith |
| 10:56 | Research | Castle Age |
| 10:57 | Research | Castle Age |
| 10:57 | Research | Castle Age |
| 11:04 | Queue | Villager (Male) |
| 11:47 | Build | Lumber Camp |
| 12:18 | Research | Double-Bit Axe |
| 12:29 | Research | Horse Collar |
| 12:29 | Research | Horse Collar |
| 13:01 | Build | Farm |
| 13:20 | Build | Farm |
| 13:31 | Build | Farm |
| 13:34 | Queue | Villager (Male) |
| 13:35 | Queue | Villager (Male) |
| 13:36 | Age | Castle Age |
| 13:58 | Build | Stone Wall |
| 14:07 | Build | Stone Wall |
| 14:09 | Queue | Villager (Male) |
| 14:23 | Build | Town Center |
| 14:29 | Build | Farm |
| 14:29 | Build | Farm |
| 14:49 | Queue | Unit 1949 |
| 14:49 | Queue | Unit 1949 |
| 14:50 | Queue | Unit 1949 |
| 14:57 | Research | Stone Mining |
| 15:10 | Queue | Villager (Male) |
| 15:10 | Queue | Villager (Male) |
| 15:15 | Research | Forging |
| 15:15 | Research | Scale Barding Armor |
| 15:22 | Build | Farm |
| 15:22 | Build | Farm |
| 15:34 | Research | Wheelbarrow |
| 15:59 | Queue | Villager (Male) |
| 16:01 | Queue | Villager (Male) |
| 16:01 | Queue | Villager (Male) |
| 16:01 | Queue | Villager (Male) |
| 16:01 | Queue | Villager (Male) |
| 16:01 | Queue | Villager (Male) |
| 16:12 | Build | Farm |
| 16:14 | Queue | Villager (Male) |
| 16:14 | Queue | Villager (Male) |
| 16:14 | Queue | Villager (Male) |
| 16:27 | Queue | Villager (Male) |
| 16:27 | Queue | Villager (Male) |
| 16:27 | Queue | Villager (Male) |
| 16:55 | Build | Farm |
| 16:59 | Queue | Villager (Male) |
| 16:59 | Queue | Villager (Male) |
| 17:07 | Build | Farm |
| 17:27 | Build | Town Center |
| 17:31 | Queue | Villager (Male) |
| 17:31 | Queue | Villager (Male) |
| 17:32 | Queue | Villager (Male) |
| 17:50 | Build | Farm |
| 17:51 | Build | Farm |
| 18:12 | Build | House |
| 18:13 | Build | House |
| 18:15 | Build | House |
| 18:35 | Build | Farm |
| 18:45 | Build | Farm |
| 18:45 | Build | Farm |
| 18:45 | Build | Farm |
| 19:00 | Queue | Villager (Male) |
| 19:00 | Queue | Villager (Male) |
| 19:00 | Queue | Villager (Male) |
| 19:01 | Queue | Villager (Male) |
| 19:01 | Queue | Villager (Male) |
| 19:02 | Queue | Villager (Male) |
| 19:11 | Queue | Villager (Male) |
| 19:12 | Queue | Villager (Male) |
| 19:12 | Queue | Villager (Male) |
| 19:12 | Queue | Villager (Male) |
| 19:22 | Build | Farm |
| 19:34 | Queue | Villager (Male) |
| 19:34 | Queue | Villager (Male) |
| 19:34 | Queue | Villager (Male) |
| 19:34 | Queue | Villager (Male) |
| 19:43 | Build | Farm |
| 19:53 | Queue | Villager (Male) |
| 19:53 | Queue | Villager (Male) |
| 20:08 | Build | Farm |
| 20:30 | Build | Castle |
| 20:37 | Build | Farm |
| 20:40 | Research | Heavy Plow |
| 20:45 | Queue | Villager (Male) |
| 20:45 | Queue | Villager (Male) |
| 20:45 | Queue | Villager (Male) |
| 20:58 | Build | Farm |
| 21:09 | Build | Farm |
| 21:20 | Queue | Villager (Male) |
| 21:20 | Queue | Villager (Male) |
| 21:20 | Queue | Villager (Male) |
| 21:20 | Queue | Villager (Male) |
| 21:26 | Build | Stable |
| 21:37 | Build | House |
| 21:38 | Build | House |
| 21:40 | Build | House |
| 21:51 | Build | Farm |
| 22:07 | Queue | Villager (Male) |
| 22:07 | Queue | Villager (Male) |
| 22:08 | Queue | Villager (Male) |
| 22:08 | Queue | Villager (Male) |
| 22:08 | Queue | Villager (Male) |
| 22:10 | Research | Bow Saw |
| 22:31 | Build | Stable |
Match timeline
| 6:38 | Varta-FV · age_up feudal |
| 7:03 | PREDATOR_BG · age_up feudal |
| 7:18 | icglyn10 · age_up feudal |
| 7:27 | icglyn10 · wall_segment Stone Wall x7 |
| 7:30 | icglyn10 · wall_segment Stone Wall x10 |
| 7:40 | CDLP_Themachine · age_up feudal |
| 7:47 | icglyn10 · first_building Stable |
| 8:51 | 碰我就投降 · age_up feudal |
| 9:03 | neethgiE · age_up feudal |
| 9:07 | Fralex04 · age_up feudal |
| 9:16 | CDLP_Themachine · wall_segment Stone Wall x11 |
| 9:27 | icglyn10 · wall_segment Stone Wall x16 |
| 9:32 | Fralex04 · wall_segment Stone Wall x2 |
| 9:49 | Fralex04 · wall_segment Stone Wall x16 |
| 9:49 | FlowCycling · age_up feudal |
| 9:50 | CDLP_Themachine · first_market_sell 100 wood |
| 10:38 | FlowCycling · wall_segment Stone Wall x28 |
| 10:41 | icglyn10 · wall_segment Stone Wall x9 |
| 11:08 | Fralex04 · wall_segment Stone Wall x28 |
| 11:33 | FlowCycling · wall_segment Stone Wall x3 |
| 12:09 | Varta-FV · age_up castle |
| 12:34 | CDLP_Themachine · age_up castle |
| 12:35 | Fralex04 · first_market_sell 100 food |
| 12:36 | Fralex04 · first_market_buy 100 stone |
| 12:41 | FlowCycling · first_market_sell 100 wood |
| 12:42 | FlowCycling · first_market_buy 100 food |
| 13:24 | neethgiE · age_up castle |
| 13:29 | 碰我就投降 · first_market_buy 100 wood |
| 13:31 | icglyn10 · wall_segment Stone Wall x20 |
| 13:34 | icglyn10 · age_up castle |
| 13:36 | 碰我就投降 · age_up castle |
| 13:58 | icglyn10 · wall_segment Stone Wall x14 |
| 13:58 | 碰我就投降 · wall_segment Stone Wall x8 |
| 14:07 | 碰我就投降 · wall_segment Stone Wall x9 |
| 15:23 | CDLP_Themachine · first_building Castle |
| 15:25 | FlowCycling · age_up castle |
| 15:26 | Fralex04 · wall_segment Stone Wall x8 |
| 15:30 | neethgiE · first_market_sell 100 food |
| 15:32 | neethgiE · first_market_buy 100 stone |
| 15:59 | neethgiE · first_building Siege Workshop |
| 16:32 | PREDATOR_BG · first_building Archery Range |
| 16:35 | CDLP_Themachine · first_building Siege Workshop |
| 16:41 | neethgiE · wall_segment Stone Wall x8 |
| 17:04 | Fralex04 · wall_segment Stone Wall x1 |
| 17:23 | PREDATOR_BG · first_building Stable |
| 18:18 | icglyn10 · first_building Siege Workshop |
| 18:51 | FlowCycling · first_building Monastery |
| 19:07 | Varta-FV · first_building Archery Range |
| 19:33 | Fralex04 · age_up castle |
| 19:42 | CDLP_Themachine · first_market_buy 100 food |
| 20:01 | icglyn10 · first_building Castle |
| 20:09 | neethgiE · wall_segment Stone Wall x1 |
| 20:13 | Varta-FV · first_building Monastery |
| 20:30 | 碰我就投降 · first_building Castle |
| 21:19 | PREDATOR_BG · age_up castle |
| 21:21 | Fralex04 · first_building Barracks |
| 21:26 | 碰我就投降 · first_building Stable |
| 23:23 | FlowCycling · first_building Castle |
| 23:28 | FlowCycling · first_building Archery Range |
| 23:49 | Fralex04 · age_up imperial |
| 24:34 | 碰我就投降 · first_building Barracks |
| 24:59 | FlowCycling · first_building Barracks |
| 25:28 | CDLP_Themachine · age_up imperial |
| 25:47 | neethgiE · wall_segment Stone Wall x13 |
| 26:12 | neethgiE · first_building Castle |
| 26:28 | FlowCycling · first_building Siege Workshop |
| 26:32 | 碰我就投降 · first_building Archery Range |
| 26:49 | FlowCycling · age_up imperial |
| 26:56 | neethgiE · age_up imperial |
| 27:07 | CDLP_Themachine · first_building Monastery |
| 27:34 | Fralex04 · first_building Castle |
| 28:11 | neethgiE · wall_segment Stone Wall x4 |
| 28:33 | Fralex04 · first_building Archery Range |
| 28:35 | neethgiE · wall_segment Stone Wall x9 |
| 29:23 | neethgiE · wall_segment Stone Wall x5 |
| 29:35 | 碰我就投降 · first_building Siege Workshop |
| 30:16 | 碰我就投降 · age_up imperial |
| 30:49 | icglyn10 · first_building Monastery |
| 30:56 | neethgiE · wall_segment Stone Wall x9 |
| 31:02 | icglyn10 · first_market_buy 100 food |
| 31:06 | icglyn10 · first_market_sell 500 stone |
| 31:25 | neethgiE · first_building Archery Range |
| 31:43 | Varta-FV · age_up imperial |
| 33:09 | neethgiE · wall_segment Stone Wall x6 |
| 33:36 | neethgiE · wall_segment Stone Wall x5 |
| 34:26 | neethgiE · wall_segment Stone Wall x1 |
| 35:19 | icglyn10 · age_up imperial |
| 35:25 | PREDATOR_BG · age_up imperial |
| 36:31 | neethgiE · first_building Stable |
| 37:37 | Varta-FV · first_building Castle |
| 37:50 | neethgiE · wall_segment Stone Wall x4 |
| 39:21 | neethgiE · first_building Monastery |
| 42:09 | PREDATOR_BG · resign |
| 48:20 | Varta-FV · first_building Stable |
| 48:24 | CDLP_Themachine · first_building Archery Range |
| 51:29 | Varta-FV · first_building Barracks |
| 51:43 | CDLP_Themachine · wall_segment Stone Wall x7 |
| 52:30 | CDLP_Themachine · wall_segment Stone Wall x9 |
| 54:03 | CDLP_Themachine · wall_segment Stone Wall x9 |
| 54:32 | CDLP_Themachine · wall_segment Stone Wall x7 |
| 55:09 | 碰我就投降 · first_market_sell 100 wood |
| 55:24 | Varta-FV · first_market_sell 100 food |
| 55:34 | CDLP_Themachine · wall_segment Stone Wall x7 |
| 57:06 | CDLP_Themachine · first_building Barracks |
| 57:49 | CDLP_Themachine · first_building Stable |
| 58:30 | Varta-FV · wall_segment Stone Wall x4 |
| 59:26 | FlowCycling · first_building Stable |
| 62:45 | CDLP_Themachine · wall_segment Stone Wall x9 |
| 69:49 | Fralex04 · first_building Siege Workshop |
| 73:06 | FlowCycling · tribute_sent a jugador 1 |
| 73:06 | FlowCycling · tribute_sent a jugador 2 |
| 73:06 | FlowCycling · tribute_sent a jugador 3 |
| 73:06 | FlowCycling · tribute_sent a jugador 4 |
| 73:06 | FlowCycling · tribute_sent a jugador 5 |
| 73:06 | FlowCycling · tribute_sent a jugador 6 |
| 73:06 | FlowCycling · tribute_sent a jugador 8 |
[ AI ANALYSIS · 1 CREDIT ]
What really happened in this match?
Wolo.gg analyzes every decision: build order, eco, micro, common mistakes by bracket. Personalized analysis on WhatsApp or Discord in 30 seconds.
Civ guide
Bohemians
Perfil
Jugador #2326356